AoeStats
← Sid

MegaRandom

509273623Analyzed
2v2 RM · 5d ago on Sep 26, 2026· 36m 7s· 4 players
Game mode
Random Map
Map size
Medium (4 player)
Population
200
Speed
Normal
Resources
Standard
Victory
Conquest
Starting age
Dark Age
Ending age
Imperial Age
RankedLock teamsTeams togetherTeam positionsShared explorationLock speedFull tech treeHidden civsTurbo modeCheats
Victory
Defeat
🇯🇵 Varangians · Japan
1268
+12
🇯🇵 Vikings · Japan
1243
+13
🇦🇷 Vietnamese · Argentina
1187
-13
🇨🇳 Mongols · China
1154
-12
火枪
7:24 Loom
9:10 Feudal Age
13:19 Double-Bit Axe
15:51 Fletching
18:50 Horse Collar
24:16 Castle Age
22:53 Gold Mining
23:25 Stone Mining
24:45 Town Watch
25:31 Bodkin Arrow
25:52 Bow Saw
25:17 Crossbowman
34:39 Padded Archer Armor
Gederico
4:39 Loom
10:15 Feudal Age
15:59 Castle Age
16:49 Arson
25:00 Double-Bit Axe
26:37 Scale Mail Armor
30:22 Fishing Lines
31:21 Town Watch
33:34 Chain Mail Armor
fumin
0:33 Loom
8:05 Feudal Age
8:42 Double-Bit Axe
20:23 Castle Age
18:48 Horse Collar
18:59 Gold Mining
19:03 Fletching
19:38 Padded Archer Armor
20:26 Crossbowman
21:25 Leather Archer Armor
23:40 Heated Shot
25:58 Bodkin Arrow
33:27 Imperial Age
34:22 Heavy Plow
34:32 Bow Saw
34:58 Gold Shaft Mining
34:15 Stone Mining
34:05 Arbalester
34:54 Bracer
35:59 Bow Saw
35:49 Heavy Plow
36:57 Ballistics
Sid
5:10 Loom
8:00 Feudal Age
8:53 Double-Bit Axe
10:40 Horse Collar
12:22 Wheelbarrow
13:59 Bloodlines
19:20 Fletching
20:04 Scale Barding Armor
25:59 Castle Age
25:21 Forging
25:08 Gold Mining
25:58 Padded Archer Armor
27:12 Chain Barding Armor
27:29 Iron Casting
27:09 Heavy Plow
27:22 Bow Saw
27:52 Husbandry
31:03 Stone Mining
31:27 Light Cavalry
32:27 Town Watch
Connection lost

Rejoining the realm…

Still unreachable

The connection could not be restored.

Session expired

The server has moved on; the page needs a fresh start.